 Dungeon Crawl Stone Soup version 0.24.1-8-ga250c9d538 (webtiles) character file.

Game seed: 2640779987767870068, levelgen mode: deterministic

67 Peloso the Skirmisher (level 4, 0/35 HPs)
             Began as a Demonspawn Fighter on May 1, 2020.
             Slain by a gnoll
             ... wielding a +2 halberd of venom
              (3 damage)
             ... on level 2 of the Dungeon.
             The game lasted 00:03:52 (1354 turns).

Peloso the Skirmisher (Demonspawn Fighter)          Turns: 1354, Time: 00:03:52

Health: 0/35       AC:  6    Str: 18    XL:     4   Next: 0%
Magic:  4/4        EV:  7    Int:  9    God:
Gold:   79         SH:  9    Dex: 12    Spells: 3/3 levels left

rFire    . . .     SeeInvis .   a - +0 long sword
rCold    . . .     Gourm    .   c - +0 shield
rNeg     . . .     Faith    .   b - +0 scale mail
rPois    .         Spirit   .   (no helmet)
rElec    .         Reflect  .   (no cloak)
rCorr    .         Harm     .   (no gloves)
MR       .....                  (no boots)
Stlth    ++........             (no amulet)
HPRegen  0.11/turn              (no ring)
MPRegen  0.09/turn              (no ring)

@: lethally poisoned (0 -> -5)
A: nightstalker 2
a: no special abilities


You were on level 2 of the Dungeon.
You were hungry.

You visited 1 branch of the dungeon, and saw 2 of its levels.

You collected 79 gold pieces.

Inventory:

Hand Weapons
 a - a +0 long sword (weapon)
Armour
 b - a +0 scale mail (worn)
 c - a +0 shield (worn)
Wands
 h - a wand of disintegration (14)
Scrolls
 e - a scroll of amnesia {unknown}
 i - a scroll of identify {unknown}
Potions
 d - a potion of might
 g - 2 potions of curing {unknown}
 j - a potion of degeneration {unknown}
 k - a potion of haste {unknown}
Comestibles
 f - 4 rations


   Skills:
 + Level 3.3 Fighting
 + Level 2.3 Long Blades
 + Level 3.2 Armour
 + Level 0.4 Dodging
 + Level 0.1 Stealth
 + Level 3.2 Shields


You had 3 spell levels left.
You didn't know any spells.
Your spell library was empty.

Dungeon Overview and Level Annotations

Branches:
Dungeon (2/15)

Altars:
Uskayaw


Innate Abilities, Weirdness & Mutations

You are significantly more attuned to the shadows.


Message History

A gnoll comes into view. It is wielding a +2 halberd of venom.
A gnoll is nearby!
Things that are here:
a +0 club; a +0 spear The gnoll hits you from afar with a +2 halberd of venom!
You are poisoned.
You feel sick.
You closely miss the gnoll.
You feel sick. You block the gnoll's attack.
The gnoll hits you with a +2 halberd of venom.
* * * LOW HITPOINT WARNING * * *
You hit the gnoll but do no damage.
* * * LOW HITPOINT WARNING * * *
You feel sick.
The gnoll hits you with a +2 halberd of venom.
* * * LOW HITPOINT WARNING * * *
You closely miss the gnoll.
* * * LOW HITPOINT WARNING * * *
You feel sick.
The gnoll hits you with a +2 halberd of venom.
You die... # #.# .# # #.# # ### #.# .##. ####.###.# #g.. .##.#.##.####.. .gg

.............(# S.
.##.#.##.###### .#
####.###.#########.#
### #.....†).@g.#
#############


You could see a gnoll.

Vanquished Creatures
  An adder (D:2)
  2 gnolls (D:2)
  2 oozes
  3 dart slugs (D:1)
  A ball python (D:2)
  A bat (D:1)
  2 giant cockroaches (D:2)
  4 goblins (D:1)
  2 hobgoblins (D:1)
  3 frilled lizards
  5 kobolds
  A rat (D:2)
27 creatures vanquished.

Notes
Turn   | Place    | Note
-------+----------+-------------------------------------------
     0 | D:1      | Peloso the Demonspawn Fighter began the quest for the Orb.
     0 | D:1      | Reached XP level 1. HP: 18/18 MP: 1/1
    73 | D:1      | Gained mutation: You are slightly more attuned to the
                  | shadows. [demonic ancestry]
    73 | D:1      | Reached XP level 2. HP: 18/24 MP: 2/2
   948 | D:2      | Reached XP level 3. HP: 29/29 MP: 3/3
  1250 | D:2      | Found a hide-covered altar of Uskayaw.
  1338 | D:2      | Gained mutation: You are significantly more attuned to the
                  | shadows. [demonic ancestry]
  1338 | D:2      | Reached XP level 4. HP: 17/35 MP: 4/4
  1354 | D:2      | Slain by a gnoll

Levels and vault maps discovered:
D:1:      saegor_arrival_simple_a, layout_basic
D:2:      layout_loops_ring, overflow_temple_1_default, first_ration

Skill      XL: |  1  2 |
---------------+-------+-----
Armour         | 3 |  3.2
Shields        | 3 |  3.2
Long Blades    | 2 |  2.3
Fighting       | |  3.3
Dodging        | |  0.4
Stealth        | |  0.1

Action                   |  1- 3 |  4- 6 || total
-------------------------+-------+-------++-------
Melee: Long sword        |    85 |     3 ||    88
  Eat: Chunk             |     1 |       ||     1
Armor: Scale mail        |    34 |       ||    34
Dodge: Dodged            |    22 |       ||    22
Block: Shield            |    45 |     1 ||    46
       Rpst.: Long sword |     6 |       ||     6
